 Dungeon Crawl Stone Soup version 0.13-a0-2214-g11ebcbd (webtiles) character file.

11677 Drahman the Protected (level 11, 0/86 HPs)
             Began as a Demonspawn Fighter on July 3, 2013.
             Was an Elder of Okawaru.
             Killed from afar by Erolcha (4 damage)
             ... with a bolt of cold
             ... on Level 9 of the Dungeon.
             The game lasted 01:06:36 (13066 turns).

Drahman the Protected (Demonspawn Fighter)         Turns: 13066, Time: 01:06:36

HP   0/86        AC 18     Str 21      XL: 11   Next: 32%
MP   0/14        EV 11     Int  9      God: Okawaru [****..]
Gold 1505        SH 27     Dex  9 (12) Spells:  0 memorised, 13 levels left

Res.Fire  : . . .   See Invis. : .   f - +4,-4 spear (venom)
Res.Cold  : + . .   Warding    : .   q - +1 plate armour
Life Prot.: . . .   Conserve   : .   c - +0 shield
Res.Poison: .       Res.Corr.  : .   (helmet restricted)
Res.Elec. : .       Clarity    : .   (no cloak)
Sust.Abil.: . .     Spirit.Shd : +   u - -1 pair of gloves
Res.Mut.  : +       Stasis     : .   (no boots)
Res.Rott. : .       Flight     : .   D - amulet of resist mutation
Saprovore : . . .                    H - ring of protection from magic
                                     l - +5 ring of evasion

@: heroism, quite resistant to hostile enchantments, extremely unstealthy
A: antennae 2, hooves 1, cold resistance 1, magic shield
a: Heroism, Renounce Religion


You were on level 9 of the Dungeon.
You worshipped Okawaru.
Okawaru was extremely pleased with you.
You were hungry.

You visited 1 branch of the dungeon, and saw 10 of its levels.
You also visited: Bailey.

You collected 1485 gold pieces.

Inventory:

Hand weapons
 a - a +1,-2 trident
 f - a +4,-4 spear of venom (weapon)
 v - a cursed +1,+1 halberd
Armour
 c - a +0 shield (worn)
 j - a +0 buckler of resistance
 q - a +1 plate armour (worn)
 u - a -1 pair of gloves (worn)
Magical devices
 e - a wand of draining (5)
 y - a wand of paralysis (7)
 C - a wand of lightning (3)
 E - a wand of frost (20)
Comestibles
 d - a bread ration
 g - an apple
 o - 2 rotting chunks of hobgoblin flesh
 w - an orange
 x - 2 meat rations
 M - a choko
 N - a pear
Scrolls
 h - a scroll of teleportation
 r - 4 scrolls of remove curse
Jewellery
 b - an uncursed ring of teleportation
 k - an uncursed ring of sustenance {unknown}
 l - a +5 ring of evasion (left hand)
 p - an uncursed ring of protection from fire
 s - an uncursed ring of protection from fire
 t - an uncursed ring of flight
 D - an amulet of resist mutation (around neck)
 H - a ring of protection from magic (right hand)
Potions
 G - 2 potions of brilliance
Books
 n - a book of Maledictions

   Spells                             Type                      Level
   Corona                             Hexes                        1
   Sure Blade                         Hexes/Charms                 2
   Ensorcelled Hibernation            Hexes/Ice                    2
   Confuse                            Hexes                        3
   Enslavement                        Hexes                        4
   Invisibility                       Hexes                        6
 B - a book of Debilitation

   Spells                             Type                      Level
   Corona                             Hexes                        1
   Slow                               Hexes                        2
   Inner Flame                        Hexes/Fire                   3
   Enslavement                        Hexes                        4
   Cause Fear                         Hexes                        4
   Leda's Liquefaction                Hexes/Earth                  4
Magical staves
 O - an uncursed staff of wizardry
Miscellaneous
 L - a phial of floods


   Skills:
 + Level 9.7(14.7) Fighting
 + Level 9.0(14.0) Polearms
 + Level 10.3(15.3) Armour
 + Level 9.2(14.2) Shields
 - Level 1.5 Spellcasting


You had 13 spell levels left.
You didn't know any spells.

Dungeon Overview and Level Annotations

Branches:
Dungeon (10/27)            Temple (0/1) D:6            Lair (0/8) D:10
    Orc: D:6-11

Altars:
Ashenzari
Elyvilon
Makhleb
Nemelex Xobeh
Okawaru
Trog
Vehumet
Yredelemnul

Annotations
D:9 Erolcha


Innate Abilities, Weirdness & Mutations

You have a pair of antennae on your head.
You have large cloven feet.
Your flesh is cold resistant.
When hurt, damage is shared between your health and your magic reserves.


Message History

Aim: Erolcha, wielding a great mace and wearing a robe (heavily wounded, poisoned)
You reach to attack!
You hit Erolcha but do no damage.
Erolcha is heavily wounded.
Erolcha gestures at you while chanting. The bolt of fire hits you!
* * * LOW HITPOINT WARNING * * *
Attack whom?
Press: ? - help, Dir - move target cursor, f/p - Erolcha
Aim: Erolcha, wielding a great mace and wearing a robe (heavily wounded, poisoned)
You reach to attack!
You hit Erolcha.
Erolcha looks even sicker.
Erolcha is heavily wounded.
Attack whom?
Press: ? - help, Dir - move target cursor, f/p - Erolcha
Aim: Erolcha, wielding a great mace and wearing a robe (heavily wounded, poisoned)
You reach to attack!
You hit Erolcha but do no damage.
Erolcha looks even sicker.
Erolcha is heavily wounded.
Erolcha points at you and mumbles some strange words.
The bolt of cold hits you! You resist.
You die...

.......#......#..................
.......#................#........
.......#.)).............#........
.......#...............##........
..........................##.....
.................................
.................................
.................................
..........###...@.....##.........
###########......................
##.#.######.......O............<.
...#)#.##........................
##..##....#.)...^...............[
#........##......................
###.#.#.###.....[.)..............
.#..##...##...................###
#....#.#.##..............>....#


You could see Erolcha.

Vanquished Creatures
  Pikel (D:7)
  A hydra zombie (D:10)
  An elephant (D:10)
  4 ugly things
  Psyche (D:8)
  A two-headed ogre (D:9)
  Prince Ribbit (D:7)
  2 wyverns
  A hungry ghost (D:9)
  2 wraiths (D:9)
  4 wolves (D:9)
  Grum (D:9)
  2 manticores
  A komodo dragon zombie (D:10)
  Edmund (D:4)
  Menkaure (D:4)
  A porcupine (D:10)
  A necrophage (D:8)
  8 orc warriors
  2 troll zombies (D:9)
  5 sky beasts
  A slave (D:7)
  2 centaurs
  4 phantoms
  A hippogriff zombie (D:6)
  2 ice beasts
  6 ogres
  Sigmund (D:7)
  Duvessa (D:3)
  A water moccasin (D:8)
  A giant frog skeleton (D:4)
  A giant frog (D:6)
  A centaur skeleton (D:9)
  Blork the orc (D:7)
  A gnoll sergeant (D:4)
  4 killer bees
  8 wights
  A goliath beetle (D:10)
  A crimson imp (D:10)
  4 ogre zombies (D:9)
  Dowan (D:3)
  A crocodile skeleton (D:9)
  8 orc priests
  2 hounds
  A quasit (D:6)
  An iguana (D:9)
  5 worker ants
  7 orc wizards
  4 jellies
  15 adders
  10 gnolls
  A giant mite (D:8)
  2 inept feature mimics
  A green rat (D:10)
  7 worms
  A bat skeleton (D:6)
  2 giant eyeballs
  An ooze (D:3)
  30 orcs
  A ball python (D:1)
  19 bats
  17 hobgoblins
  8 jackals
  7 quokkas
  A giant cockroach (D:2)
  8 giant geckos
  4 giant newts
  A giant newt zombie (D:5)
  21 goblins
  2 goblin skeletons (D:9)
  3 hobgoblin skeletons (D:9)
  3 hobgoblin zombies (D:9)
  31 kobolds
  11 orc zombies (D:9)
  22 rats
  3 ballistomycetes (D:7)
346 creatures vanquished.

Vanquished Creatures (others)
  An ogre (D:6)
  A phantom (D:6)
  2 slaves
  A giant frog (D:9)
  A centaur skeleton (D:7)
  A killer bee (D:9)
  4 wights
  2 orc wizards (D:7)
  A mummy (D:9)
  A giant gecko (D:9)
  An orc (D:7)
  A goblin (D:4)
  2 kobolds
  A giant newt (D:7)
  A giant spore (D:7)
  2 rats (D:9)
23 creatures vanquished.

Grand Total: 369 creatures vanquished

Notes
Turn   | Place    | Note
--------------------------------------------------------------
     0 | D:1      | Drahman, the Demonspawn Fighter, began the quest for the Orb.
     0 | D:1      | Reached XP level 1. HP: 18/18 MP: 0/0
   508 | D:1      | Gained mutation: Your flesh is cold resistant. [demonic ancestry]
   508 | D:1      | Reached XP level 2. HP: 20/24 MP: 1/1
  1053 | D:1      | Reached XP level 3. HP: 30/30 MP: 2/2
  1937 | D:2      | Gained mutation: You have large cloven feet. [demonic ancestry]
  1937 | D:2      | Reached XP level 4. HP: 36/36 MP: 3/3
  2294 | D:3      | Found a bloodstained altar of Trog.
  2655 | D:3      | Reached XP level 5. HP: 42/42 MP: 4/4
  3107 | D:4      | Noticed Menkaure
  3155 | D:4      | Noticed Duvessa
  3157 | D:4      | Noticed Dowan
  3196 | D:3      | Killed Duvessa
  3196 | D:3      | Reached skill level 4 in Armour
  3196 | D:3      | Reached skill level 1 in Spellcasting
  3196 | D:3      | Gained mutation: You have a pair of small antennae on your head. [demonic ancestry]
  3196 | D:3      | Reached XP level 6. HP: 35/48 MP: 4/6
  3200 | D:3      | Killed Dowan
  3479 | D:3      | HP: 2/48 [poisoned by a gnoll sergeant]
  3487 | D:3      | HP: 2/48 [poisoned by a gnoll sergeant]
  3493 | D:3      | HP: 2/48 [poisoned by a gnoll sergeant]
  3507 | D:3      | HP: 2/48 [poisoned by a gnoll sergeant]
  4153 | D:4      | Found a bloodstained altar of Trog.
  4390 | D:4      | Reached skill level 6 in Fighting
  4390 | D:4      | Reached skill level 5 in Polearms
  4390 | D:4      | Reached skill level 7 in Armour
  4390 | D:4      | Gained mutation: When hurt, damage is shared between your health and your magic reserves. [demonic ancestry]
  4390 | D:4      | Reached XP level 7. HP: 29/56 MP: 8/8
  4410 | D:4      | Killed Menkaure
  4631 | D:4      | Reached XP level 8. HP: 59/63 MP: 8/10
  4658 | D:4      | Noticed Edmund
  4686 | D:4      | Killed Edmund
  4842 | D:5      | Entered Level 5 of the Dungeon
  4890 | D:5      | Reached skill level 8 in Armour
  4929 | D:5      | Paralysed by a giant eyeball for 3 turns
  4936 | D:5      | Paralysed by a giant eyeball for 3 turns
  5470 | D:5      | Paralysed by you for 3 turns
  5805 | D:6      | Found a shattered altar of Ashenzari.
  5808 | D:6      | Found a white marble altar of Elyvilon.
  5808 | D:6      | Found a sparkling altar of Nemelex Xobeh.
  5810 | D:6      | Found an iron altar of Okawaru.
  5821 | D:6      | Became a worshipper of Warmaster Okawaru
  6213 | D:6      | Found a staircase to the Ecumenical Temple.
  6250 | D:6      | Reached XP level 9. HP: 37/69 MP: 6/11
  6704 | D:6      | Found a burning altar of Makhleb.
  6822 | D:7      | Noticed Pikel
  6862 | D:7      | Killed Pikel
  6910 | D:7      | Acquired Okawaru's first power
  6976 | D:7      | Found a radiant altar of Vehumet.
  6989 | D:7      | Noticed Sigmund
  7012 | D:7      | Killed Sigmund
  7066 | D:7      | Noticed Prince Ribbit
  7090 | D:7      | Killed Prince Ribbit
  7197 | D:7      | Paralysed by a giant eyeball for 2 turns
  7818 | D:7      | Found a basalt altar of Yredelemnul.
  7999 | D:7      | Reached skill level 9 in Armour
  7999 | D:7      | Gained mutation: You have a pair of antennae on your head. [demonic ancestry]
  7999 | D:7      | Reached XP level 10. HP: 39/78 MP: 7/12
  8363 | D:7      | Noticed Blork the orc
  8374 | D:7      | Killed Blork the orc
  8652 | D:8      | Found a flagged portal.
  8668 | Bailey   | Entered a bailey
  9659 | D:9      | Noticed Psyche
  9696 | D:8      | Killed Psyche
 10035 | D:9      | Found a staircase to the Orcish Mines.
 10038 | D:9      | the staircase to the Orcish Mines was a mimic.
 10403 | D:9      | Noticed Grum
 10488 | D:9      | Killed Grum
 11117 | D:8      | Reached XP level 11. HP: 73/85 MP: 14/14
 11634 | D:9      | Reached skill level 10 in Armour
 11743 | D:10     | Entered Level 10 of the Dungeon
 12466 | D:10     | Noticed a centaur warrior
 12473 | D:10     | Found a staircase to the Lair.
 12477 | D:10     | Noticed Erolcha
 13064 | D:9      | HP: 4/86 [Erolcha/bolt of fire (15)]
 13066 | D:9      | Killed from afar by Erolcha

Action                   |  1- 3 |  4- 6 |  7- 9 | 10-12 || total
-------------------------+-------+-------+-------+-------++-------
Melee: Trident           |   169 |   220 |       |     7 ||   396
       Spear             |       |    24 |   504 |  1045 ||  1573
Invok: Heroism           |       |       |       |     1 ||     1
Evoke: Wand              |       |     2 |     6 |       ||     8
  Use: Potion            |       |     5 |     2 |     7 ||    14
       Scroll            |       |    21 |    10 |     8 ||    39
